 Dungeon Crawl Stone Soup version 0.22-a0-603-gfc1114d (webtiles) character file.

214112 sking99 the Severer (level 18, -1/173 HPs)
             Began as a Minotaur Fighter on July 7, 2018.
             Was a High Priest of Okawaru.
             Slain by Kite's ghost (27 damage)
             ... on level 2 of the Shoals.
             The game lasted 01:29:42 (30771 turns).

sking99 the Severer (Minotaur Fighter)             Turns: 30771, Time: 01:29:43

Health: -1/173     AC: 33    Str: 22    XL:     18   Next: 29%
Magic:  17/23      EV: 21    Int: 10    God:    Okawaru [*****.]
Gold:   991        SH:  0    Dex: 20    Spells: 17/17 levels left

rFire    . . .     SeeInvis +   a - +4 executioner's axe (flame)
rCold    + . .     Gourm    .   (shield currently unavailable)
rNeg     . . .     Faith    .   L - +1 plate armour {rPois}
rPois    +         Spirit   .   z - +3 crown of Dyrovepreva {rElec Int+2 SInv}
rElec    +         Reflect  .   A - +1 cloak
rCorr    .         Harm     .   Y - +2 pair of gloves {Dex+3}
MR       ++...                  h - +1 pair of boots {run}
Stlth    ..........             O - amulet of regeneration
HPRegen  0.78/turn              F - ring of protection from magic
MPRegen  0.18/turn              c - ring of Fixation {rC+ Int+3 Stlth+}

@: lethally poisoned (-1 -> -1), about to teleport, heroism, finesse, quick
A: retaliatory headbutt, horns 2
}: 1/15 runes: serpentine
a: Heroism, Finesse, Renounce Religion


You were on level 2 of the Shoals.
You worshipped Okawaru.
Okawaru was extremely pleased with you.
You were not hungry.

You visited 5 branches of the dungeon, and saw 29 of its levels.
You also visited: Labyrinth and Volcano.

You collected 2819 gold pieces.
You spent 1828 gold pieces at shops.

Inventory:

Hand Weapons
 a - a +4 executioner's axe of flaming (weapon)
 b - the +8 fustibalus of the Three Dreams {flame, Stlth+}
   (You found it on level 6 of the Lair of Beasts)

   It causes projectiles fired from it to burn those they strike, causing extra
   injury to most foes and up to half again as much damage against particularly
   susceptible opponents.
   It makes you more stealthy.
Missiles
 e - 273 sling bullets
Armour
 h - a +1 pair of boots of running (worn)
 z - the +3 crown of Dyrovepreva (worn) {rElec Int+2 SInv}
   (You bought it in a shop on level 2 of the Orcish Mines)

   It affects your intelligence (+2).
   It insulates you from electricity.
   It lets you see invisible.
 A - a +1 cloak (worn)
 L - a +1 plate armour of poison resistance (worn)
 U - a +0 plate armour of fire resistance
 Y - a +2 pair of gloves of dexterity (worn)
Jewellery
 c - the ring of Fixation (right hand) {rC+ Int+3 Stlth+}
   (You found it on level 3 of the Snake Pit)

   [ring of intelligence]

   It affects your intelligence (+3).
   It protects you from cold.
   It makes you more stealthy.
 l - a +5 ring of dexterity
 y - an uncursed ring of stealth
 F - a ring of protection from magic (left hand)
 O - an amulet of regeneration (around neck)
 R - an uncursed ring of resist corrosion
Wands
 d - a wand of flame (50)
 k - a wand of digging (41)
 x - a wand of iceblast (14)
 D - a wand of acid (23)
 I - a wand of enslavement (17)
 K - a wand of clouds (14)
 M - a wand of disintegration (13)
 Q - a wand of scattershot (6)
 T - a wand of polymorph (25)
Scrolls
 j - 4 scrolls of fog
 m - 14 scrolls of remove curse
 p - 6 scrolls of blinking
 q - 16 scrolls of teleportation
 r - 6 scrolls of amnesia
 v - 5 scrolls of magic mapping
 C - 6 scrolls of fear
 E - 3 scrolls of immolation
 P - 2 scrolls of enchant weapon
 X - 3 scrolls of enchant armour
Potions
 g - 7 potions of flight
 i - 3 potions of might
 n - 7 potions of curing
 o - 3 potions of magic
 s - 11 potions of brilliance
 t - a potion of haste {unknown}
 u - 2 potions of berserk rage
 w - 2 potions of mutation
 B - 3 potions of cancellation
 J - a potion of ambrosia
 N - a potion of lignification
 S - a potion of invisibility
 V - a potion of agility
 Z - a potion of resistance {unknown}
Comestibles
 f - 49 rations


   Skills:
 + Level 18.6(23.6) Fighting
 - Level 20.0(25.0) Axes
 + Level 11.4(16.4) Slings
 + Level 16.5(21.5) Armour
 - Level 15.2(20.2) Dodging
   Level 3.6(8.6) Shields
 - Level 8.0 Invocations


You had 17 spell levels left.
You didn't know any spells.
Your spell library contained the following spells:

 Spells                   Type           Power        Failure   Level  Hunger
 Apportation              Tloc           #.....       91%         1    ##.....
 Conjure Flame            Conj/Fire      #.......     100%        3    ####...
 Bolt of Magma            Conj/Fire/Erth #.........   100%        5    ######.
 Freezing Cloud           Conj/Ice/Air   #.........   100%        6    #######
 Mephitic Cloud           Conj/Pois/Air  #.......     100%        3    ####...
 Ring of Flames           Chrm/Fire      #.........   100%        7    #######
 Venom Bolt               Conj/Pois      #.........   100%        5    ######.
 Summon Small Mammal      Summ           #...         91%         1    ##.....
 Bolt of Draining         Conj/Necr      #.........   100%        5    ######.
 Animate Skeleton         Necr           N/A          91%         1    ##.....
 Dispel Undead            Necr           #.......     100%        5    ######.
 Sublimation of Blood     Necr           #.........   97%         2    ###....
 Corpse Rot               Necr           N/A          97%         2    ###....
 Iron Shot                Conj/Erth      #.........   100%        6    #######
 Agony                    Necr           #.......     100%        5    ######.
 Spider Form              Tmut/Pois      #.........   100%        3    ####...
 Blade Hands              Tmut           #.........   100%        5    ######.
 Ice Form                 Ice/Tmut       #.......     100%        4    #####..
 Deflect Missiles         Chrm/Air       #.........   100%        6    #######
 Confusing Touch          Hex            #.....       91%         1    ##.....
 Sticks to Snakes         Tmut           #.......     97%         2    ###....
 Silence                  Hex/Air        #.........   100%        5    ######.
 Conjure Ball Lightning   Conj/Air       #.........   100%        6    #######
 Excruciating Wounds      Chrm/Necr      #.........   100%        5    ######.
 Orb of Destruction       Conj           #.........   100%        7    #######
 Tornado                  Air            #.........   100%        9    #######
 Beastly Appendage        Tmut           #.....       91%         1    ##.....
 Iskenderun's Battlesphe  Conj/Chrm      #.......     100%        5    ######.
 Summon Lightning Spire   Summ/Air       #.......     100%        4    #####..
 Spellforged Servitor     Conj/Summ      #.........   100%        7    #######
 Poisonous Vapours        Pois/Air       #.....       97%         2    ###....


Dungeon Overview and Level Annotations

Branches:
Dungeon (15/15)            Temple (0/1) D:7            Lair (6/6) D:11
 Shoals (2/4) Lair:3        Snake (4/4) Lair:2        Slime (0/5) Lair:5
    Orc (2/2) D:12            Elf (0/3) Orc:2        Vaults (0/5) D:13
 Depths (0/5) D:15

Altars:
Cheibriados
Fedhas
Hepliaklqana
Kikubaaqudgha
Nemelex Xobeh
Okawaru
Uskayaw
Wu Jian
Xom
Beogh
Jiyva

Shops:
D:6 *   D:7 [*   D:8 %   D:9 :   Orc:2 (%[([   Snake:1 [?   Snake:2 **=

Annotations:
D:10 3 runed doors, ThereIsNoGod's ghost, journeyman GnWn
Shoals:2 Kite's ghost, adept MiBe; Scuka's ghost, adept GrEE; Sousash's ghost, adept NaWz


Innate Abilities, Weirdness & Mutations

You reflexively headbutt those who attack you in melee.
You have a pair of horns on your head.


Message History

Your headbutt misses Scuka's ghost.
Scuka's ghost is almost destroyed.
You hit Kite's ghost but do no damage. You slash Sousash's ghost!
You burn Sousash's ghost. Sousash's ghost hits you!
You miss Scuka's ghost. Your headbutt misses Scuka's ghost.
Scuka's ghost is almost destroyed.
You hit Kite's ghost but do no damage.
You hit Sousash's ghost but do no damage.
Scuka's ghost misses you. You furiously retaliate!
You headbutt Scuka's ghost, but do no damage.
Kite's ghost hits you!!
* * * LOW HITPOINT WARNING * * *
Okay, then.
As you read the scroll of teleportation, it crumbles to dust.
You feel strangely unstable.
You feel sick.
Sousash's ghost gestures at you while chanting.
The bolt of negative energy misses you.
Scuka's ghost hits you but does no damage.
Kite's ghost hits you!!
You die...

#.≈(############.....≈≈≈≈≈≈≈≈≈≈≈≈
....# #.........÷...≈≈≈≈≈≈≈≈≈≈.≈
...)# #..............≈≈≈≈≈≈≈≈≈≈.
....# #..............≈≈≈≈≈≈≈≈≈≈.
≈...## #................≈≈≈≈≈≈≈≈≈
≈..(.# #................≈≈≈≈≈≈≈≈≈
≈≈≈≈.###..............#.≈≈≈≈≈≈...
≈≈≈≈≈..#..............#..≈≈≈≈≈...
≈≈≈≈≈...........@W....)..≈..≈≈≈..
≈≈≈≈≈≈≈...####'WW####............
≈≈≈≈≈≈≈.).#!.......[#............
≈≈≈≈≈≈..≈.#8.......8#............
≈≈≈≈≈≈.≈≈≈#}.......:#..........≈.
≈≈≈≈≈≈≈≈≈≈#:........#...≈..##(.≈.
≈≈≈≈.≈≈≈≈≈##8.....8##..≈≈...##...
≈≈≈≈≈≈≈≈≈≈≈##..?.?##...≈≈....><.#
≈≈≈≈≈≈≈≈≈≈≈≈## ##..≈.≈≈≈...)≈..


You could see Kite's ghost, Scuka's ghost and Sousash's ghost.

Vanquished Creatures
  Saint Roka (Orc:1)
  Vashnia (Snake:4)
  Gastronok (Lair:1)
  Frances (Snake:1)
  7 nagarajas (Snake:4)
  An orc warlord (Orc:1)
  Aizul (Snake:4)
  A stone giant (Volcano)
  A minotaur (Lab)
  The ghost of Qossesur the Unseen, a journeyman SpVM of Gozag (Shoals:1)
  The ghost of Ybaf the Unseen, a journeyman SpVM of Gozag (Shoals:2)
  A dire elephant (Lair:6)
  2 green deaths (Snake:3)
  A merfolk impaler (Shoals:1)
  Erolcha (D:11)
  8 vault guards (D:13)
  17 naga warriors
  An ice dragon (Lair:2)
  A rakshasa (D:15)
  Erica (D:8)
  9 anacondas
  11 hydras
  3 death yaks (Lair:6)
  4 centaur warriors
  2 merfolk aquamancers
  6 two-headed ogres
  2 merfolk avatars (Shoals:1)
  A tengu warrior (D:14)
  3 orc high priests (Orc:2)
  15 naga sharpshooters
  4 shock serpents
  A vampire mage (D:15)
  Urug (Lair:3)
  A salamander mystic (Snake:3)
  7 skeletal warriors
  2 sea snakes
  A shadow dragon zombie (D:15)
  3 lindwurms
  8 naga ritualists
  2 orc knights
  A wizard (D:14)
  3 harpies (Shoals:1)
  3 orc sorcerers
  A spectral satyr (Shoals:1)
  6 mana vipers
  8 oklob plants
  A necromancer (D:15)
  12 fauns
  A wolf spider (D:12)
  A frost giant zombie (D:15)
  7 ugly things
  12 manticores
  2 deep elf magi
  3 cyclopes
  5 salamanders
  A fire giant zombie (D:15)
  2 water nymphs
  5 centaur zombies
  Maurice (D:13)
  29 black mambas
  10 merfolk sirens
  4 gargoyles
  5 guardian serpents
  23 naga magi
  Joseph (D:10)
  11 elephants
  13 spiny frogs
  A spectral sea snake (Shoals:1)
  An efreet (Volcano)
  4 rime drakes
  2 komodo dragons (Lair:5)
  2 kobold demonologists (D:11)
  4 yaktaurs (D:15)
  A komodo dragon (shapeshifter) (D:12)
  13 trolls
  A wind drake (Shoals:2)
  11 merfolk
  26 blink frogs
  3 slime creatures (D:15)
  7 hippogriffs
  7 dream sheep (Lair:6)
  3 snapping turtles
  3 vampires
  2 shadows
  8 water elementals
  8 redbacks (Snake:3)
  3 wraiths
  45 yaks
  4 humans (D:10)
  A wyvern (shapeshifter) (D:13)
  3 basilisks
  A sea snake simulacrum (Shoals:1)
  2 fire elementals (Volcano)
  3 vampire mosquitoes (D:15)
  6 hungry ghosts
  An elf skeleton (D:15)
  73 nagas
  An acid dragon (D:13)
  4 wargs
  A soldier ant (D:11)
  A spectral snapping turtle (Shoals:1)
  11 porcupines
  19 water moccasins
  52 orc warriors
  A black bear (D:12)
  3 ice beasts
  2 satyr simulacra (Shoals:1)
  A hornet zombie (D:15)
  5 sky beasts
  7 ogres
  5 phantoms
  4 merfolk simulacra (Shoals:1)
  9 necrophages
  23 wolves
  2 eyes of draining (D:15)
  18 centaurs
  13 crocodiles
  21 bullfrogs
  3 big kobolds
  Blork the orc (D:6)
  A wyvern zombie (D:6)
  An earth elemental (Volcano)
  6 scorpions
  A water moccasin skeleton (D:9)
  22 wights
  15 killer bees
  4 howler monkeys
  5 electric eels
  9 crimson imps
  2 bullfrog zombies
  2 quasits
  3 jellies
  7 hounds
  Crazy Yiuf (D:7)
  2 bullfrog skeletons
  19 orc priests
  23 orc wizards
  4 centaur skeletons
  4 iguanas
  Ijyb (D:5)
  8 worker ants
  A hound skeleton (D:4)
  A howler monkey skeleton (D:6)
  2 worker ant zombies
  3 gnolls
  12 adders
  5 shadow imps
  2 oozes (D:1)
  An adder skeleton (D:4)
  4 worms
  6 leopard geckos
  100 orcs
  2 ball pythons
  3 giant cockroaches
  6 goblins
  7 hobgoblins
  6 jackals
  4 quokkas
  11 bats
  7 frilled lizards
  A giant cockroach zombie (D:6)
  A jackal skeleton (D:6)
  21 kobolds
  A leopard gecko skeleton (D:4)
  7 rats
  2 bushes
  6 fungi
  20 plants
1145 creatures vanquished.

Vanquished Creatures (others)
  A naga warrior (Snake:3)
  A naga mage (Snake:4)
  A shadow (D:15)
  A meliai simulacrum (D:15)
  A bush (Lair:4)
  5 fungi
  8 plants
  6 withered plants
24 creatures vanquished.

Grand Total: 1169 creatures vanquished

Notes
Turn   | Place    | Note
-------+----------+-------------------------------------------
     0 | D:1      | sking99 the Minotaur Fighter began the quest for the Orb.
     0 | D:1      | Reached XP level 1. HP: 19/19 MP: 0/0
    54 | D:1      | Reached skill level 3 in Axes
    54 | D:1      | Reached XP level 2. HP: 21/27 MP: 1/1
   327 | D:1      | Reached XP level 3. HP: 33/33 MP: 2/2
   454 | D:1      | Found a shimmering altar of Xom.
   723 | D:2      | Reached skill level 4 in Axes
   995 | D:2      | Reached XP level 4. HP: 28/41 MP: 3/3
  1085 | D:2      | Found an ornate altar of the Wu Jian Council.
  1372 | D:2      | Found an iron altar of Okawaru.
  1395 | D:2      | Became a worshipper of Warmaster Okawaru
  1839 | D:3      | Reached skill level 5 in Axes
  2165 | D:3      | Reached skill level 5 in Fighting
  2165 | D:3      | Reached XP level 5. HP: 32/48 MP: 4/4
  2724 | D:4      | Noticed an ogre
  2734 | D:4      | Killed an ogre
  2734 | D:4      | Reached * piety under Okawaru
  2734 | D:4      | Reached skill level 6 in Axes
  2734 | D:4      | Reached XP level 6. HP: 25/56 MP: 5/5
  3367 | D:5      | Entered Level 5 of the Dungeon
  3538 | D:5      | Noticed Ijyb
  3550 | D:5      | Killed Ijyb
  3550 | D:5      | Reached skill level 7 in Axes
  3824 | D:5      | Noticed an ice beast
  3829 | D:5      | Killed an ice beast
  3829 | D:5      | Reached XP level 7. HP: 64/64 MP: 6/6
  3835 | D:6      | Found Cetel's Assorted Antiques.
  3841 | D:6      | Reached skill level 8 in Axes
  4024 | D:6      | Reached ** piety under Okawaru
  4105 | D:6      | Reached skill level 9 in Axes
  4238 | D:6      | Reached XP level 8. HP: 55/73 MP: 7/7
  4415 | D:6      | Noticed Blork the orc
  4422 | D:6      | Killed Blork the orc
  4422 | D:6      | Reached skill level 10 in Axes
  4576 | D:6      | Found a hide-covered altar of Uskayaw.
  4588 | D:6      | Found a snail-covered altar of Cheibriados.
  5392 | D:6      | Reached *** piety under Okawaru
  5415 | D:7      | Found a staircase to the Ecumenical Temple.
  5417 | D:7      | Found Cenkonadd's Antique Armour Shoppe.
  5426 | D:7      | Found Koucumy's Assorted Antiques.
  5431 | D:7      | Reached skill level 11 in Axes
  5603 | D:7      | Reached XP level 9. HP: 58/82 MP: 8/8
  6062 | D:7      | Found a hazy altar of Hepliaklqana.
  6080 | D:7      | Reached skill level 12 in Axes
  6185 | D:7      | Found a runed door.
  6399 | D:7      | Noticed Crazy Yiuf
  6405 | D:7      | Killed Crazy Yiuf
  6483 | D:8      | Reached skill level 1 in Dodging
  6510 | D:8      | Found Puyxilut's Food Emporium.
  7010 | D:8      | Noticed Erica
  7027 | D:8      | Killed Erica
  7027 | D:8      | Reached **** piety under Okawaru
  7027 | D:8      | Reached skill level 5 in Armour
  7325 | D:8      | Reached skill level 10 in Fighting
  7331 | D:8      | Reached skill level 13 in Axes
  7605 | D:9      | Noticed a purple ugly thing
  7620 | D:9      | Killed a purple ugly thing
  7620 | D:9      | Reached XP level 10. HP: 48/92 MP: 7/9
  7928 | D:9      | Found Omexul's Book Shoppe.
  7930 | D:9      | Got a fine war axe
  7934 | D:9      | Identified the cursed +0 war axe "Efopn" {chop, MP+9} (You found it on level 9 of the Dungeon)
  8034 | D:9      | Noticed a two-headed ogre
  8046 | D:9      | Killed a two-headed ogre
  8046 | D:9      | Reached ***** piety under Okawaru
  8325 | D:9      | Got a brightly glowing chain mail
  8336 | D:9      | Identified the cursed +0 chain mail of Icwamuc {rN+ Regen+ rCorr Int-2} (You found it on level 9 of the Dungeon)
  8488 | D:10     | Entered Level 10 of the Dungeon
  8489 | D:10     | Noticed a two-headed ogre
  8497 | D:10     | Killed a two-headed ogre
  8497 | D:10     | Reached skill level 14 in Axes
  8497 | D:10     | Reached skill level 5 in Dodging
  8692 | D:10     | Received a gift from Okawaru
  8742 | D:10     | Found a runed gate.
  8742 | D:10     | Found a runed gate.
  8742 | D:10     | Found a runed gate.
  8930 | D:10     | Noticed Joseph
  8941 | D:10     | Killed Joseph
  9056 | D:10     | Reached XP level 11. HP: 95/98 MP: 10/10
  9283 | D:10     | Noticed ThereIsNoGod's ghost (journeyman GnWn)
  9362 | D:11     | Noticed a two-headed ogre
  9371 | D:11     | Killed a two-headed ogre
  9371 | D:11     | Reached skill level 15 in Axes
  9386 | D:11     | Noticed Erolcha
  9410 | D:11     | Paralysed by Erolcha for 2 turns
  9414 | D:11     | Killed Erolcha
  9676 | D:11     | Noticed a two-headed ogre
  9685 | D:11     | Killed a two-headed ogre
  9830 | D:11     | Reached skill level 16 in Axes
  9838 | D:11     | Noticed a soul eater
  9843 | D:11     | Noticed a soul eater
  9844 | D:11     | Received a gift from Okawaru
 10114 | D:11     | Got a brightly glowing plate armour {god gift}
 10120 | D:11     | Identified the +14 plate armour "Vicoisik" {-Tele +Fly Regen+ rCorr} (Okawaru gifted it to you on level 11 of the Dungeon)
 10147 | D:11     | Found a staircase to the Lair.
 10361 | D:11     | Reached skill level 1 in Invocations
 10613 | D:7      | Bought a broad axe for 112 gold pieces
 10707 | Lair:1   | Entered Level 1 of the Lair of Beasts
 10708 | Lair:1   | Noticed a four-headed hydra
 10722 | Lair:1   | Killed a one-headed hydra
 10766 | Lair:1   | Noticed an oklob plant
 10787 | Lair:1   | Noticed Gastronok
 10798 | Lair:1   | Killed Gastronok
 10798 | Lair:1   | Reached skill level 10 in Armour
 10798 | Lair:1   | Reached XP level 12. HP: 88/106 MP: 11/13
 10902 | Lair:1   | Found an ancient bone altar of Kikubaaqudgha.
 11364 | Lair:1   | Noticed a four-headed hydra
 11373 | Lair:1   | Killed a one-headed hydra
 11761 | Lair:2   | Reached ****** piety under Okawaru
 11784 | Lair:2   | Noticed a six-headed hydra
 11795 | Lair:2   | Killed a two-headed hydra
 11795 | Lair:2   | Received a gift from Okawaru
 11803 | Lair:2   | Reached skill level 5 in Invocations
 12198 | Lair:2   | Reached skill level 10 in Dodging
 12229 | Lair:2   | Noticed a seven-headed hydra
 12240 | Lair:2   | Reached skill level 17 in Axes
 12241 | Lair:2   | Killed a one-headed hydra
 12249 | Lair:2   | Reached XP level 13. HP: 57/113 MP: 14/16
 12395 | Lair:2   | Found a staircase to the Snake Pit.
 13133 | Lair:3   | Found a staircase to the Shoals.
 13321 | Lair:3   | Noticed Urug
 13335 | Lair:3   | Killed Urug
 13505 | Lair:3   | Received a gift from Okawaru
 14205 | Lair:4   | Identified a scroll of acquirement
 14780 | Lair:5   | Found a viscous altar of Jiyva.
 15193 | Lair:5   | Found a staircase to the Slime Pits.
 15529 | Lair:6   | Entered Level 6 of the Lair of Beasts
 15595 | Lair:6   | Reached XP level 14. HP: 122/122 MP: 19/19
 15645 | Lair:6   | Reached skill level 18 in Axes
 15719 | Lair:6   | Received a gift from Okawaru
 15723 | Lair:6   | Got an iridescent battleaxe {god gift}
 15725 | Lair:6   | Identified the +12 battleaxe of Circularity {vamp, rC- rN+ MR+} (Okawaru gifted it to you on level 6 of the Lair of Beasts)
 15759 | Lair:6   | Got an ichor-stained plate armour
 15760 | Lair:6   | Identified the +6 plate armour of the Kettle-Drum {Str+3 Dex+4} (You found it on level 6 of the Lair of Beasts)
 15965 | Lair:6   | Received a gift from Okawaru
 17098 | D:12     | Received a gift from Okawaru
 17187 | D:12     | Found a staircase to the Orcish Mines.
 17416 | D:12     | You fall through a shaft for 3 floors!
 17416 | D:15     | Entered Level 15 of the Dungeon
 17431 | D:15     | Found a blossoming altar of Fedhas.
 17441 | D:15     | Reached skill level 19 in Axes
 17594 | D:15     | Received a gift from Okawaru
 17594 | D:15     | Reached XP level 15. HP: 130/135 MP: 20/20
 17702 | D:15     | Found a staircase to the Depths.
 18418 | D:14     | Received a gift from Okawaru
 18751 | D:14     | Found a roughly hewn altar of Beogh.
 18979 | D:13     | Received a gift from Okawaru
 19124 | D:13     | Found a gate to the Vaults.
 19136 | D:13     | Found a labyrinth entrance.
 19139 | D:13     | Noticed Maurice
 19149 | D:13     | Killed Maurice
 19203 | Lab      | Entered a labyrinth
 19737 | D:13     | Reached skill level 20 in Axes
 19797 | D:13     | Found a sparkling altar of Nemelex Xobeh.
 20110 | Lair:6   | Got a crystal fustibalus
 20111 | Lair:6   | Identified the +8 fustibalus of the Three Dreams {flame, Stlth+} (You found it on level 6 of the Lair of Beasts)
 20861 | Orc:1    | Entered Level 1 of the Orcish Mines
 21156 | Orc:2    | Entered Level 2 of the Orcish Mines
 21246 | Orc:2    | Found a dark tunnel.
 21290 | Volcano  | Entered a volcano
 21579 | Orc:2    | Found a roughly hewn altar of Beogh.
 21670 | Orc:2    | Found a staircase to the Elven Halls.
 21821 | Orc:2    | Found Ykocwibu's Food Boutique.
 21862 | Orc:2    | Found a roughly hewn altar of Beogh.
 21874 | Orc:2    | Found Gaygh's Weapon Shop.
 21921 | Orc:2    | Reached skill level 15 in Fighting
 21968 | Orc:2    | Reached skill level 15 in Dodging
 21970 | Orc:2    | Noticed Saint Roka
 22074 | Orc:1    | Killed Saint Roka
 22074 | Orc:1    | Received a gift from Okawaru
 22074 | Orc:1    | Reached XP level 16. HP: 49/149 MP: 16/21
 22231 | Orc:2    | Received a gift from Okawaru
 22232 | Orc:2    | Found Anobaj's Antique Armour Boutique.
 22233 | Orc:2    | Found a roughly hewn altar of Beogh.
 22248 | Orc:2    | Found Qijess's Antique Weapon Shop.
 22278 | Orc:2    | Reached skill level 1 in Slings
 22416 | Orc:2    | Found a roughly hewn altar of Beogh.
 22429 | Orc:2    | Found Gacil's Antique Armour Shop.
 22441 | Orc:2    | Bought the +3 crown of Dyrovepreva {rElec Int+2 SInv} for 1614 gold pieces
 22441 | Orc:2    | Found the +3 crown of Dyrovepreva {rElec Int+2 SInv}
 22834 | Snake:1  | Entered Level 1 of the Snake Pit
 23983 | Snake:1  | Noticed Frances
 23992 | Snake:1  | Killed Frances
 24053 | Snake:1  | Found Rerad's Antique Armour Emporium.
 24058 | Snake:1  | Found Tusum's Magic Scroll Emporium.
 24067 | Snake:1  | Bought a scroll of identify for 34 gold pieces
 24067 | Snake:1  | Bought a scroll of identify for 34 gold pieces
 24067 | Snake:1  | Bought a scroll of identify for 34 gold pieces
 24400 | Snake:1  | Received a gift from Okawaru
 24791 | Snake:2  | Found Kirchou's General Store.
 25100 | Snake:2  | Reached skill level 5 in Slings
 25101 | Snake:2  | Found Kappuceup's General Store.
 25257 | Snake:2  | Found Leoqyhi's Jewellery Shop.
 25895 | Snake:3  | Received a gift from Okawaru
 26204 | Snake:3  | Found a runed door.
 26248 | Snake:3  | Got a sparkling wooden ring
 26250 | Snake:3  | Identified the ring of Fixation {rC+ Int+3 Stlth+} (You found it on level 3 of the Snake Pit)
 26290 | Snake:3  | Reached XP level 17. HP: 138/160 MP: 16/22
 26598 | Snake:3  | Identified a +1 pair of boots of running (Okawaru gifted it to you on level 3 of the Snake Pit)
 26613 | Snake:4  | Entered Level 4 of the Snake Pit
 27078 | Snake:4  | Noticed Vashnia
 27114 | Snake:4  | Killed Vashnia
 27125 | Snake:4  | Received a gift from Okawaru
 27391 | Snake:4  | Reached skill level 15 in Armour
 27694 | Snake:4  | Received a gift from Okawaru
 28275 | Snake:4  | Received a gift from Okawaru
 28457 | Snake:4  | Reached skill level 10 in Slings
 28466 | Snake:4  | Noticed Aizul
 28488 | Snake:4  | Killed Aizul
 28677 | Snake:4  | Got a serpentine rune of Zot
 28755 | Snake:4  | Received a gift from Okawaru
 28998 | Shoals:1 | Entered Level 1 of the Shoals
 29056 | Shoals:1 | Found a runed gate.
 29060 | Shoals:1 | Found a runed gate.
 29061 | Shoals:1 | Found a runed gate.
 29068 | Shoals:1 | Noticed Qossesur's ghost (journeyman SpVM)
 29188 | Shoals:1 | Reached XP level 18. HP: 165/172 MP: 20/23
 29246 | Shoals:1 | Received a gift from Okawaru
 29775 | Shoals:1 | Killed Qossesur's ghost
 30341 | Shoals:2 | Found a runed gate.
 30342 | Shoals:2 | Found a runed gate.
 30345 | Shoals:2 | Found a runed gate.
 30348 | Shoals:2 | Noticed Kite's ghost (adept MiBe)
 30475 | Shoals:2 | Noticed Scuka's ghost (adept GrEE)
 30479 | Shoals:2 | Noticed Sousash's ghost (adept NaWz)
 30481 | Shoals:2 | Noticed Ybaf's ghost (journeyman SpVM)
 30762 | Shoals:2 | Killed Ybaf's ghost
 30771 | Shoals:2 | Slain by Kite's ghost

Vault maps used:
D:1:      minmay_arrival_up_and_down, hangedman_abyss_or_decor_stabs,
          xom_teletrap_fun
D:2:      marbit_many_paths, lemuel_doored_altar
D:3:      first_ration, patterned_corridor
D:5:      skrybe_limestone_x, minmay_misc_feat_x, uniq_ijyb
D:6:      amethyst_overflow_temple_binary, serial_shops,
          nicolae_shop_waterfront, uniq_blork_the_orc
D:7:      overflow_temple_1_default, minmay_temple_entry_from_below_a,
          serial_shops, shop_fountains, nicolae_shop_trees,
          uniq_crazy_yiuf_cottage
D:8:      serial_shops, shop, uniq_erica
D:9:      nicolae_overflow_hidden_temple, serial_shops, shop
D:10:     gammafunk_ghost_icy, grunt_ogre_cave, minivault_4, minmay_ruffians,
          uniq_joseph
D:11:     nrook_guardian_serpent_snake_passage, grunt_lair_entry_orc_guard_hut,
          uniq_erolcha
D:12:     minmay_bloctagon, orc_0_dummy, serial_undead, serial_undead_b,
          serial_undead_a, serial_undead_a, serial_undead_e
D:13:     erik_vaults_2, lab_entry_generic, spider_trap, serial_park_tiny_1,
          nemelex_diamond_rough_becter, uniq_maurice
D:14:     corexii_hall_statues_x, special_room
D:15:     gammafunk_depths_entry_grave, fedhas_altar_2, lemuel_old_faithful
Lair:1:   minmay_lair_oklob_tunnel, basic_altar, lemuel_fruit_fields,
          serial_bayou_shore_b, serial_bayou_shore_b, serial_bayou_shore_b,
          grunt_megastairs_1, uniq_gastronok
Lair:2:   dragon1_lemuel, minmay_snake_entry_six_corridors, grunt_megastairs_2,
          minmay_lair_oklob_chamber, lemuel_fruit_tree
Lair:3:   elwin_shoals_entry_stream, lemuel_fruit_fields, uniq_urug
Lair:4:   serial_forest, infiniplex_forest_clump_curved,
          infiniplex_forest_end_2, infiniplex_forest_clump_small,
          infiniplex_forest_end_double, infiniplex_forest_lined_3_way,
          infiniplex_forest_zigzag_1, grunt_megastairs_4
Lair:5:   slime_altar_1, serial_bayou, serial_bayou_pond_e, serial_bayou_pond_d,
          serial_bayou_lake_a, serial_bayou_pond_a, serial_bayou_shore_a
Lair:6:   hangedman_lair_in_review
Shoals:1: gammafunk_ghost_necromancy, ldierk_geyser
Shoals:2: gammafunk_ghost_cemetery
Snake:1:  spider_trap, st_stairs_1, minmay_shop_star, uniq_frances
Snake:2:  serial_shops, shop, nicolae_shop_stone, shop_fountains
Snake:3:  cheibrodos_toxic_ritual, spider_trap, serial_bayou_shore_b
Snake:4:  minmay_snake_end_coiled, statue_in_the_mist_lemuel,
          nicolae_snake_squiggles, uniq_vashnia, uniq_aizul
Orc:2:    grunt_orc_community_town_hall, grunt_orc_community_big_house_2,
          grunt_orc_community_big_house_2, grunt_orc_community_house_1,
          grunt_orc_community_house_1, grunt_orc_community_house_3,
          grunt_orc_community_house_2, basic_altar, serial_shops, shop,
          nicolae_volcano_entry_vermiform
Lab:      labyrinth_spiral
Volcano:  volcano_pools

Skill      XL: |  1  2  3  4  5  6  7  8  9 10 11 12 13 14 15 16 17 18 |
---------------+-------------------------------------------------------+-----
Axes           | 3 4 5 6 7 9 11 13 14 16 17 19 20 | 20.0
Fighting       | 4 5 6 7 9 10 13 15 16 18 | 18.6
Dodging        | 3 6 8 10 11 13 15 | 15.2
Armour         | 5 7 10 11 12 14 16 | 16.5
Invocations    | 2 5 8 |  8.0
Slings         | 7 10 11 | 11.4
Shields        | |  3.6

Action                   |  1- 3 |  4- 6 |  7- 9 | 10-12 | 13-15 | 16-18 || total
-------------------------+-------+-------+-------+-------+-------+-------++-------
Melee: War axe           |    69 |   147 |   251 |   312 |       |       ||   779
       Headbutt          |     8 |    30 |    63 |   181 |   297 |   177 ||   756
       Battleaxe         |       |       |       |   189 |   235 |       ||   424
       Scimitar          |       |       |       |    28 |    16 |       ||    44
       Executioner's axe |       |       |       |       |   797 |   750 ||  1547
 Fire: Fustibalus        |       |       |       |       |       |   150 ||   150
Invok: Heroism           |       |       |     4 |    10 |    15 |    27 ||    56
       Finesse           |       |       |       |     1 |     4 |     9 ||    14
Evoke: Wand              |       |       |       |     2 |       |       ||     2
  Use: Scroll            |       |    11 |     2 |     8 |    16 |    10 ||    47
       Potion            |       |     1 |     1 |     2 |     3 |     5 ||    12
  Eat: Chunk             |       |     9 |    11 |    10 |    29 |    14 ||    73
       Ration            |       |       |     1 |     2 |     3 |     4 ||    10
Armor: Scale mail        |    21 |    46 |       |       |       |       ||    67
       Plate armour      |       |    23 |   104 |   164 |   533 |   379 ||  1203
       Chain mail        |       |       |       |    69 |     2 |       ||    71
Dodge: Dodged            |    24 |    36 |    32 |   186 |   788 |   697 ||  1763
Block: Shield            |    24 |    76 |   110 |   127 |       |       ||   337
       Rpst.: Scimitar   |       |       |       |     4 |     4 |       ||     8

Table legend:
 A = Spawn XP
 B = Non-spawn XP
 C = Spawn XP percentage of total XP
 D = Spawn monster count
 E = Non-spawn monster count
 F = Spawn count percentage of total count
 G = Total turns spent on level
                    A         B        C        D         E        F      G
               +---------+---------+-------+---------+---------+-------+---------
         Total |       0 |  315280 |   0.0 |       0 |    1119 |   0.0 | 30771
               +---------+---------+-------+---------+---------+-------+---------
           D:1 |       0 |      64 |   0.0 |       0 |      27 |   0.0 |   966
           D:2 |       0 |      70 |   0.0 |       0 |      20 |   0.0 |   712
           D:3 |       0 |      95 |   0.0 |       0 |      19 |   0.0 |   754
           D:4 |       0 |     298 |   0.0 |       0 |      14 |   0.0 |  1044
           D:5 |       0 |     293 |   0.0 |       0 |       5 |   0.0 |   491
           D:6 |       0 |    1521 |   0.0 |       0 |      26 |   0.0 |  1872
           D:7 |       0 |    1250 |   0.0 |       0 |      19 |   0.0 |   929
           D:8 |       0 |    1762 |   0.0 |       0 |      21 |   0.0 |  1233
           D:9 |       0 |    2405 |   0.0 |       0 |      16 |   0.0 |   940
          D:10 |       0 |    4036 |   0.0 |       0 |      27 |   0.0 |  1012
          D:11 |       0 |    8388 |   0.0 |       0 |      56 |   0.0 |  1415
          D:12 |       0 |   10358 |   0.0 |       0 |      76 |   0.0 |  1196
          D:13 |       0 |   15504 |   0.0 |       0 |      46 |   0.0 |   961
          D:14 |       0 |   11513 |   0.0 |       0 |      50 |   0.0 |   603
          D:15 |       0 |   18716 |   0.0 |       0 |      48 |   0.0 |   907
        Lair:1 |       0 |    9003 |   0.0 |       0 |      22 |   0.0 |  1083
        Lair:2 |       0 |   14297 |   0.0 |       0 |      56 |   0.0 |  1497
        Lair:3 |       0 |    6879 |   0.0 |       0 |      24 |   0.0 |   798
        Lair:4 |       0 |    7299 |   0.0 |       0 |      26 |   0.0 |   889
        Lair:5 |       0 |    4446 |   0.0 |       0 |      22 |   0.0 |   901
        Lair:6 |       0 |   23533 |   0.0 |       0 |      69 |   0.0 |  1096
      Shoals:1 |       0 |   23266 |   0.0 |       0 |      51 |   0.0 |   997
      Shoals:2 |       0 |   10738 |   0.0 |       0 |      26 |   0.0 |   774
       Snake:1 |       0 |    9625 |   0.0 |       0 |      14 |   0.0 |  1315
       Snake:2 |       0 |   11165 |   0.0 |       0 |      21 |   0.0 |   804
       Snake:3 |       0 |   31261 |   0.0 |       0 |      66 |   0.0 |  1036
       Snake:4 |       0 |   62562 |   0.0 |       0 |     110 |   0.0 |  2274
         Orc:1 |       0 |   11781 |   0.0 |       0 |      57 |   0.0 |   733
         Orc:2 |       0 |    8704 |   0.0 |       0 |      77 |   0.0 |   915
           Lab |       0 |    1285 |   0.0 |       0 |       1 |   0.0 |   403
       Volcano |       0 |    3163 |   0.0 |       0 |       7 |   0.0 |   221
               +---------+---------+-------+---------+---------+-------+---------
